 Dungeon Crawl Stone Soup version 0.23-a0-808-gd21de94 (webtiles) character file.

26213 Gildeon the Severer (level 12, -7/104 HPs)
             Began as a Minotaur Fighter on Jan 20, 2019.
             Was the Champion of Okawaru.
             Killed from afar by an oklob plant (13 damage)
             ... with a splash of acid
             ... on level 2 of the Lair of Beasts.
             The game lasted 00:57:58 (12612 turns).

Gildeon the Severer (Minotaur Fighter)             Turns: 12612, Time: 00:57:58

Health: -7/104     AC:  9    Str: 31    XL:     12   Next: 96%
Magic:  14/14      EV: 10    Int:  3    God:    Okawaru [******]
Gold:   1289       SH: 15    Dex: 11    Spells: 15/16 levels left

rFire    + + +     SeeInvis .   h - +8 war axe of the Feather {flame, rPois rC+ Int+3 Stlth-}
rCold    + + .     Gourm    .   p - +1 shield {rF+}
rNeg     . . .     Faith    .   d - +0 plate armour
rPois    +         Spirit   .   b - +2 hat
rElec    +         Reflect  .   (no cloak)
rCorr    .         Harm     .   v - +0 pair of gloves
MR       +++..                  (no boots)
Stlth    ..........             (no amulet)
HPRegen  0.27/turn              P - ring "Weyriubi" {rElec rF++ rC+ MR+++ Int-5}
MPRegen  0.14/turn              x - +6 ring of strength

@: corroded
A: retaliatory headbutt, horns 2
a: Heroism, Finesse, Renounce Religion


You were on level 2 of the Lair of Beasts.
You worshipped Okawaru.
Okawaru was exalted by your worship.
You were hungry.

You visited 3 branches of the dungeon, and saw 16 of its levels.
You also visited: Sewer, Bailey and Gauntlet.

You collected 1289 gold pieces.

Inventory:

Hand Weapons
 a - a +1 war axe
 h - the +8 war axe of the Feather (weapon) {flame, rPois rC+ Int+3 Stlth-}
   (You found it on level 7 of the Dungeon)

   It has been specially enchanted to burn those struck by it, causing extra
   injury to most foes and up to half again as much damage against particularly
   susceptible opponents.
   Big, fiery blades are also staple armaments of hydra-hunters.
   It affects your intelligence (+3).
   It protects you from cold.
   It protects you from poison.
   It makes you less stealthy.
 q - a +1 broad axe
Armour
 b - a +2 hat (worn)
 d - a +0 plate armour (worn)
 p - a +1 shield of fire resistance (worn)
 v - a +0 pair of gloves (worn)
Jewellery
 i - an uncursed ring of ice
 x - a +6 ring of strength (right hand)
 B - an uncursed ring of resist corrosion
 J - an uncursed ring of positive energy
 K - an uncursed ring of protection from fire
 P - the ring "Weyriubi" (left hand) {rElec rF++ rC+ MR+++ Int-5}
   (You found it on level 1 of the Lair of Beasts)

   [ring of protection from cold]

   It affects your intelligence (-5).
   It greatly protects you from fire.
   It protects you from cold.
   It insulates you from electricity.
   It affects your resistance to hostile enchantments.
Wands
 c - a wand of scattershot (2)
 e - a wand of digging (6)
 y - a wand of iceblast (25)
 D - a wand of disintegration (17)
 F - a wand of random effects (15)
 L - a wand of paralysis (6)
 M - a wand of flame (15)
Scrolls
 n - 11 scrolls of teleportation
 t - 5 scrolls of enchant armour
 z - 6 scrolls of remove curse
 A - a scroll of acquirement {unknown}
 C - 2 scrolls of fear
 G - a scroll of blinking
 I - 2 scrolls of magic mapping
 N - a scroll of vulnerability {unknown}
 O - a scroll of fog
 Q - a scroll of brand weapon {unknown}
Potions
 g - a potion of mutation
 j - 2 potions of haste
 k - 3 potions of lignification
 l - 5 potions of magic
 m - 6 potions of curing
 o - 3 potions of invisibility
 r - 10 potions of heal wounds
 s - a potion of resistance
 u - 4 potions of flight
 w - a potion of cancellation
 E - a potion of ambrosia
 H - a potion of berserk rage
Comestibles
 f - 39 rations


   Skills:
 + Level 9.1 Fighting
 - Level 16.0 Axes
 + Level 8.4 Armour
 - Level 5.0 Dodging
 + Level 13.7 Shields
 - Level 2.5 Spellcasting
 - Level 2.5 Charms
 - Level 2.5 Invocations
 - Level 2.5 Evocations


You had 15 spell levels left.
You knew the following spells:

 Your Spells              Type           Power        Failure   Level  Hunger
a - Infusion              Chrm           #...         83%         1    ##.....

Your spell library contained the following spells:

 Spells                   Type           Power        Failure   Level  Hunger
 Song of Slaying          Chrm           #.......     92%         2    ###....
 Shroud of Golubria       Chrm/Tloc      #.........   98%         2    ###....
 Summon Small Mammal      Summ           #...         99%         1    ##.....
 Call Imp                 Summ           #.......     99%         2    ###....
 Call Canine Familiar     Summ           #.......     100%        3    ####...
 Regeneration             Chrm/Necr      #.........   100%        3    ####...
 Spectral Weapon          Hex/Chrm       #.......     100%        3    ####...
 Summon Guardian Golem    Hex/Summ       #.......     100%        3    ####...
 Summon Ice Beast         Ice/Summ       #.......     100%        4    #####..
 Summon Lightning Spire   Summ/Air       #.......     100%        4    #####..


Dungeon Overview and Level Annotations

Branches:
Dungeon (12/15)            Temple (1/1) D:4            Lair (3/6) D:11
 Spider (0/4) Lair:3          Orc (0/2) D:11
  Swamp: Lair:2-4    Shoals: Lair:2-4

Altars:
Ashenzari
Cheibriados
Dithmenos
Elyvilon
Fedhas
Gozag
Hepliaklqana
Kikubaaqudgha
Makhleb
Nemelex Xobeh
Okawaru
Qazlal
Ru
Sif Muna
Trog
Uskayaw
Vehumet
Wu Jian
Xom
Yredelemnul
Zin
The Shining One

Annotations:
D:8 1 runed door
D:10 3 runed doors, tstbtto's ghost, journeyman MiFi
Lair:1 2 transporters, Kenran's ghost, journeyman OpEE
Lair:2 exclusion: 3 oklob plants


Innate Abilities, Weirdness & Mutations

You reflexively headbutt those who attack you in melee.
You have a pair of horns on your head.


Message History

The puff of flame hits the oklob plant.
The oklob plant appears unharmed.
The oklob plant is lightly damaged.
The plant is engulfed in a cloud of scalding steam.
The oklob plant spits acid at you. The splash of acid hits you!
The acid corrodes you!
You are splashed with acid!
The acid burns!
The oklob plant spits acid at you. The splash of acid hits you!
The acid corrodes you!
You are splashed with acid!
The acid burns!
The oklob plant spits acid at you. The splash of acid hits you!
You are splashed with acid!
The acid burns!
* * * LOW HITPOINT WARNING * * *
The oklob plant spits acid at you. The splash of acid hits you!
* * * LOW HITPOINT WARNING * * *
You are splashed with acid!
The acid burns!
* * * LOW HITPOINT WARNING * * *
The oklob plant spits acid at you. The splash of acid hits you!
You die...

..###..##......##
#.##
...##..##...#...# #.#
.......###.##..## P.#
..........###########
..#.......#PPPPPP#
..##......#≈≈≈≈≈≈#
.###......#≈....≈#
.####.....#......###
..###.....#...$.@.>#
.###......'.......>#
.##.......#.......>#
.##.#.....#......###
.###......#≈....≈#
.####.....#≈≈≈≈≈≈#
..P.......#PPPPPP#
..........###########
....................#


You could see 3 oklob plants.

Vanquished Creatures
  Gastronok (Lair:1)
  A minotaur (Gauntlet)
  A hydra (Lair:3)
  Erica (D:9)
  A two-headed ogre (D:9)
  A tengu warrior (Gauntlet)
  Urug (D:12)
  Pikel (D:6)
  An orc knight (Bailey)
  An ugly thing (D:12)
  4 elephants (Lair:2)
  A smoke demon (Gauntlet)
  2 black mambas
  5 spiny frogs
  A gargoyle (D:11)
  A komodo dragon (Lair:2)
  A red devil (Gauntlet)
  2 trolls
  A jumping spider (Lair:3)
  2 tengu conjurers (Gauntlet)
  Prince Ribbit (D:9)
  2 polar bears (D:11)
  A raiju (Gauntlet)
  5 hippogriffs
  A redback (Lair:3)
  2 wraiths (D:9)
  2 wyverns (D:11)
  A hungry ghost (D:10)
  15 yaks
  A steam dragon (D:11)
  A warg (D:11)
  Edmund (D:6)
  3 porcupines
  4 water moccasins
  2 ice beasts
  7 orc warriors
  6 sky beasts
  3 slaves (D:6)
  3 black bears
  3 necrophages
  3 wolves (Lair:2)
  8 ogres
  A centaur (D:9)
  5 crocodiles
  3 big kobolds
  6 bullfrogs
  A wyvern zombie (D:11)
  A scorpion (D:4)
  21 wights
  3 electric eels
  3 howler monkeys
  A bullfrog zombie (D:12)
  7 crimson imps
  A quasit (D:9)
  8 orc priests
  5 hounds
  3 human zombies (D:9)
  7 jellies
  11 orc wizards
  2 bullfrog skeletons
  3 centaur skeletons
  A human skeleton (D:9)
  Ijyb (D:5)
  5 iguanas
  14 worker ants
  A lightning spire (Gauntlet)
  A hound zombie (D:11)
  2 hound skeletons
  A mummy (D:9)
  6 gnolls
  4 river rats
  17 adders
  5 shadow imps
  2 adder skeletons (D:9)
  An adder zombie (D:9)
  4 worms
  2 dart slugs
  3 leopard geckos
  44 orcs
  11 bats
  6 giant cockroaches
  9 goblins
  17 hobgoblins
  9 jackals
  6 quokkas
  9 ball pythons
  A ball python skeleton (D:4)
  6 frilled lizards
  37 kobolds
  A leopard gecko skeleton (D:8)
  3 orc zombies (D:9)
  31 rats
  A fungus (Lair:1)
458 creatures vanquished.

Vanquished Creatures (others)
  A wight (D:6)
  An orc (D:6)
  A fungus (Lair:3)
3 creatures vanquished.

Grand Total: 461 creatures vanquished

Notes
Turn   | Place    | Note
-------+----------+-------------------------------------------
     0 | D:1      | Gildeon the Minotaur Fighter began the quest for the Orb.
     0 | D:1      | Reached XP level 1. HP: 19/19 MP: 0/0
   246 | D:1      | Reached skill level 3 in Axes
   246 | D:1      | Reached XP level 2. HP: 23/27 MP: 1/1
   575 | D:1      | Reached XP level 3. HP: 33/33 MP: 2/2
   632 | D:1      | You fall through a shaft!
  1082 | D:2      | Reached skill level 4 in Axes
  1240 | D:2      | Reached XP level 4. HP: 41/41 MP: 3/3
  1593 | D:3      | Found a bloodstained altar of Trog.
  1637 | D:3      | Found a glowing drain.
  1663 | Sewer    | Entered a sewer
  1703 | Sewer    | Noticed a big kobold
  1706 | Sewer    | Killed a big kobold
  1706 | Sewer    | Reached skill level 5 in Axes
  1706 | Sewer    | Reached XP level 5. HP: 33/47 MP: 4/4
  1816 | Sewer    | Reached skill level 5 in Fighting
  1828 | Sewer    | Reached skill level 5 in Shields
  1967 | Sewer    | Reached XP level 6. HP: 33/56 MP: 5/5
  2267 | D:3      | Found a shadowy altar of Dithmenos.
  2423 | D:3      | Found an ancient bone altar of Kikubaaqudgha.
  2642 | D:4      | Found a staircase to the Ecumenical Temple.
  2667 | D:4      | Reached skill level 6 in Axes
  2675 | Temple   | Entered the Ecumenical Temple
  2702 | Temple   | Became a worshipper of Warmaster Okawaru
  3040 | D:4      | Found an ornate altar of the Wu Jian Council.
  3674 | D:5      | Entered Level 5 of the Dungeon
  3674 | D:5      | Noticed Ijyb
  3686 | D:5      | Reached XP level 7. HP: 12/61 MP: 6/6
  3692 | D:5      | Killed Ijyb
  4061 | D:5      | Reached skill level 7 in Axes
  4073 | D:5      | Reached skill level 5 in Armour
  4405 | D:5      | Reached * piety under Okawaru
  4559 | D:5      | Reached skill level 1 in Dodging
  4608 | D:6      | Noticed Edmund
  4612 | D:6      | Noticed Pikel
  4613 | D:6      | Reached skill level 8 in Axes
  4618 | D:6      | Killed Edmund
  4618 | D:6      | Reached XP level 8. HP: 57/68 MP: 7/7
  4624 | D:6      | Reached ** piety under Okawaru
  4624 | D:6      | Reached skill level 9 in Axes
  4626 | D:6      | Killed Pikel
  4626 | D:6      | Reached *** piety under Okawaru
  4626 | D:6      | Reached skill level 10 in Axes
  4630 | D:6      | Reached XP level 9. HP: 20/74 MP: 8/8
  5359 | D:6      | Found a glowing silver altar of Zin.
  5577 | D:7      | Reached skill level 5 in Dodging
  5583 | D:7      | Reached skill level 11 in Axes
  5589 | D:7      | Reached skill level 1 in Invocations
  5667 | D:7      | Got an ebony war axe
  5697 | D:7      | Learned a level 1 spell: Infusion
  5727 | D:7      | Identified the +8 war axe of the Feather {flame, rPois rC+
                  | Int+3 Stlth-} (You found it on level 7 of the Dungeon)
  5756 | D:7      | Reached **** piety under Okawaru
  6315 | D:7      | Reached skill level 12 in Axes
  6397 | D:7      | Reached XP level 10. HP: 81/81 MP: 10/10
  6538 | D:7      | Found a stormy altar of Qazlal.
  6819 | D:8      | Reached skill level 1 in Evocations
  6912 | D:8      | Noticed a sixfirhy
  6915 | D:8      | Found a runed door.
  7180 | D:9      | Reached ***** piety under Okawaru
  7434 | D:9      | Reached skill level 10 in Shields
  7461 | D:9      | Reached skill level 13 in Axes
  7492 | D:9      | Noticed Prince Ribbit
  7507 | D:9      | Killed Prince Ribbit
  7520 | D:9      | Noticed Erica
  7526 | D:9      | Killed Erica
  7526 | D:9      | Reached skill level 1 in Spellcasting
  7619 | D:9      | Noticed a two-headed ogre
  7631 | D:9      | Killed a two-headed ogre
  7631 | D:9      | Received a gift from Okawaru
  7720 | D:9      | Found a basalt altar of Yredelemnul.
  7913 | D:10     | Entered Level 10 of the Dungeon
  7930 | D:10     | Reached skill level 14 in Axes
  7951 | D:10     | Found a flagged portal.
  7963 | Bailey   | Entered a bailey
  8013 | Bailey   | Reached XP level 11. HP: 86/86 MP: 11/13
  8028 | Bailey   | Noticed an orc knight
  8029 | Bailey   | Found an iron altar of Okawaru.
  8049 | Bailey   | Killed an orc knight
  8356 | D:10     | Found a glowing golden altar of the Shining One.
  8362 | D:10     | Found a runed gate.
  8391 | D:10     | Found a runed gate.
  8391 | D:10     | Found a runed gate.
  8392 | D:10     | Noticed tstbtto's ghost (journeyman MiFi)
  8966 | D:11     | Found a staircase to the Orcish Mines.
  9178 | D:11     | Found a gate leading to a gauntlet.
  9196 | Gauntlet | Entered a Gauntlet
  9196 | Gauntlet | Found a transporter.
  9224 | Gauntlet | Noticed a catoblepas
  9225 | Gauntlet | Found a transporter.
  9240 | Gauntlet | Found a transporter.
  9248 | Gauntlet | Found a transporter.
  9262 | Gauntlet | Noticed a hell hog
  9263 | Gauntlet | Found a transporter.
  9278 | Gauntlet | Noticed a death yak
  9279 | Gauntlet | Noticed a death yak
  9280 | Gauntlet | Noticed a death yak
  9281 | Gauntlet | Noticed a death yak
  9282 | Gauntlet | Found a transporter.
  9282 | Gauntlet | Noticed a necromancer
  9294 | Gauntlet | Found a transporter.
  9303 | Gauntlet | Noticed a sixfirhy
  9305 | Gauntlet | Noticed a sixfirhy
  9306 | Gauntlet | Found a transporter.
  9318 | Gauntlet | Found a transporter.
  9330 | Gauntlet | Found a transporter.
  9349 | Gauntlet | Found a transporter.
  9368 | Gauntlet | Found a transporter.
  9370 | Gauntlet | Found a transporter.
  9401 | Gauntlet | Noticed a tengu warrior
  9401 | Gauntlet | Found a transporter.
  9407 | Gauntlet | Reached skill level 1 in Charms
  9416 | Gauntlet | Killed a tengu warrior
  9422 | Gauntlet | Found a transporter.
  9438 | Gauntlet | Found a transporter.
  9440 | Gauntlet | Found a transporter.
  9447 | Gauntlet | Found a transporter.
  9583 | Gauntlet | Reached skill level 15 in Axes
  9690 | Gauntlet | Got a twitching amber ring
  9692 | Gauntlet | Identified the ring of Amoaseap {Dex+5 Slay-3 Stlth+} (You
                  | found it in a Gauntlet)
  9802 | Gauntlet | Noticed a minotaur
  9814 | Gauntlet | Killed a minotaur
  9814 | Gauntlet | Received a gift from Okawaru
 10044 | D:11     | Found a staircase to the Lair.
 10065 | D:11     | Found a bloodstained altar of Trog.
 10331 | D:11     | Received a gift from Okawaru
 10373 | D:12     | Noticed a red ugly thing
 10389 | D:12     | Killed a red ugly thing
 10392 | D:12     | Noticed Urug
 10414 | D:12     | Killed Urug
 10414 | D:12     | Reached XP level 12. HP: 61/94 MP: 14/14
 10491 | Lair:1   | Entered Level 1 of the Lair of Beasts
 10556 | Lair:1   | Reached skill level 16 in Axes
 10573 | Lair:1   | Reached ****** piety under Okawaru
 10760 | Lair:1   | Found a transporter.
 10763 | Lair:1   | Identified the cursed +1 trident "Mudghame" {elec, rElec}
 10763 | Lair:1   | Identified the +7 spear of Dividends {speed, *Slow rPois
                  | rC++}
 10825 | Lair:1   | Noticed Gastronok
 10833 | Lair:1   | Killed Gastronok
 10833 | Lair:1   | Received a gift from Okawaru
 10874 | Lair:1   | Found a transporter.
 10881 | Lair:1   | Found a bloodstained altar of Trog.
 10881 | Lair:1   | Noticed Kenran's ghost (journeyman OpEE)
 11074 | Lair:1   | Got a sparkling granite ring
 11076 | Lair:1   | Identified the ring "Weyriubi" {rElec rF++ rC+ MR+++ Int-5}
                  | (You found it on level 1 of the Lair of Beasts)
 12145 | Lair:2   | You fall through a shaft!
 12146 | Lair:3   | Found a hole to the Spider Nest.
 12155 | Lair:3   | Received a gift from Okawaru
 12169 | Lair:3   | Noticed an eight-headed hydra
 12181 | Lair:3   | Killed a four-headed hydra
 12612 | Lair:2   | Killed from afar by an oklob plant

Vault maps used:
D:1:      ebering_hopf_link
D:2:      serial_corexii_hall, corexii_hall_statues_i, corexii_hall_statues_l
D:3:      kiku_gazebo_garden_becter, nicolae_overflow_crystal_walls,
          lemuel_doored_altar, first_ration, portal_sewer_entry_b
D:4:      overflow_temple_1_default, minmay_temple_entry_mist, minivault_1,
          minmay_fractal_squares_diagonal_5
D:5:      corner_web_ring, uniq_ijyb
D:6:      kennysheep_mini, minivault_26, uniq_pikel, uniq_edmund
D:7:      nicolae_qazlal_eye_of_the_storm, minmay_alternating_orb
D:8:      cheibrodos_shockbox
D:9:      lemuel_mausoleum_altar_yredelemnul, uniq_prince_ribbit1, uniq_erica
D:10:     enter_bailey_3, basic_altar, gammafunk_ghost_necromancy
D:11:     lair_entry_dummy, david_orc_3, gauntlet_entry_generic,
          grunt_ogre_cave, trog_ov_bears_minmay
D:12:     feat_on_display, uniq_urug
Temple:   regret_index_temple_generic_petals
Lair:1:   gammafunk_ghost_wrathful_warriors, gammafunk_lair_bear_cave,
          uniq_gastronok
Lair:2:   dpeg_oklob_gauntlet, serial_bayou_shore_a
Lair:3:   elwin_shoals_entry_rooms, spider_nest_entry_a, lemuel_fruit_fields,
          uniq_nergalle
Sewer:    sewer_minmay_treatment
Bailey:   bailey_axe_3, bailey
Gauntlet: gammafunk_gauntlet_one_two_three

Skill      XL: |  1  2  3  4  5  6  7  8  9 10 11 12 |
---------------+-------------------------------------+-----
Axes           | 3 4 5 6 8 10 12 14 15 16 | 16.0
Fighting       | 4 5 9 |  9.1
Shields        | 4 5 6 7 9 10 12 13 | 13.7
Armour         | 4 5 8 |  8.4
Dodging        | 1 4 5 |  5.0
Invocations    | 2 |  2.5
Evocations     | 2 |  2.5
Spellcasting   | 2 |  2.5
Charms         | 2 |  2.5

Action                   |  1- 3 |  4- 6 |  7- 9 | 10-12 || total
-------------------------+-------+-------+-------+-------++-------
Melee: War axe           |   110 |   182 |   185 |   433 ||   910
       Headbutt          |    15 |    21 |    35 |    93 ||   164
Evoke: Wand              |       |       |       |    47 ||    47
  Use: Scroll            |     3 |     8 |     3 |    15 ||    29
       Potion            |       |       |     5 |     7 ||    12
 Stab: Confused          |       |       |       |     2 ||     2
  Eat: Chunk             |     1 |     8 |     6 |    19 ||    34
       Ration            |       |       |     1 |       ||     1
Armor: Scale mail        |    54 |    93 |    46 |       ||   193
       Plate armour      |       |       |     6 |   127 ||   133
       Chain mail        |       |       |     4 |       ||     4
       Skin              |       |       |       |     1 ||     1
Dodge: Dodged            |    32 |    68 |    84 |    93 ||   277
Block: Shield            |    58 |   122 |   134 |   289 ||   603

Table legend:
 A = Non-vault XP
 B = Vault XP
 C = Vault XP percentage of total XP
 D = Non-vault monster count
 E = Vault monster count
 F = Vault count percentage of total count
                 A         B        C        D         E       F
            +---------+---------+-------+---------+---------+-------
      Total |   24056 |   13392 |  35.8 |     331 |     124 |  27.3
            +---------+---------+-------+---------+---------+-------
        D:1 |      47 |       0 |   0.0 |      28 |       0 |   0.0
        D:2 |      60 |       0 |   0.0 |      19 |       0 |   0.0
        D:3 |     125 |      19 |  13.2 |      30 |       5 |  14.3
        D:4 |     144 |       0 |   0.0 |      11 |       0 |   0.0
        D:5 |     624 |      36 |   5.5 |      17 |       1 |   5.6
        D:6 |    1089 |     847 |  43.8 |      17 |       2 |  10.5
        D:7 |    1925 |     444 |  18.7 |      46 |      10 |  17.9
        D:8 |     691 |       0 |   0.0 |      23 |       0 |   0.0
        D:9 |    2525 |    1982 |  44.0 |      25 |      14 |  35.9
       D:10 |    1633 |       8 |   0.5 |      15 |       4 |  21.1
       D:11 |    2339 |     875 |  27.2 |      36 |       9 |  20.0
       D:12 |    1172 |     831 |  41.5 |      17 |       1 |   5.6
     Lair:1 |    2679 |    2623 |  49.5 |      12 |       4 |  25.0
     Lair:2 |    5951 |       0 |   0.0 |      26 |       0 |   0.0
     Lair:3 |    3052 |     526 |  14.7 |       9 |       2 |  18.2
      Sewer |       0 |     223 | 100.0 |       0 |      48 | 100.0
     Bailey |       0 |     894 | 100.0 |       0 |      13 | 100.0
   Gauntlet |       0 |    4084 | 100.0 |       0 |      11 | 100.0
            +---------+---------+-------+---------+---------+-------
